AoeStats
← AndiBoy

Lombardia

508290604Analyzed
4v4 RM · 9d ago on Sep 21, 2026· 51m 48s· 8 players
Game mode
Random Map
Map size
Large (8 player)
Population
200
Speed
Normal
Resources
Standard
Victory
Conquest
Starting age
Dark Age
Ending age
Imperial Age
RankedLock teamsTeams togetherTeam positionsShared explorationLock speedFull tech treeHidden civsTurbo modeCheats
Victory
Defeat
🇲🇽 Burgundians · Mexico
1154
+12
🇲🇽 Slavs · Mexico
1153
+12
🇫🇷 Persians · France
1142
+13
🇫🇷 Italians · France
1136
+13
🇦🇷 Mapuche · Argentina
1091
-13
🇦🇷 Magyars · Argentina
1071
-13
🇦🇷 Bohemians · Argentina
1061
-12
🇦🇷 Franks · Argentina
1049
-12
Cochiloco2000
3:48 Loom
11:42 Feudal Age
14:15 Double-Bit Axe
19:08 Castle Age
20:48 Wheelbarrow
20:06 Stone Mining
19:40 Pikeman
20:23 Squires
20:52 Bow Saw
20:27 Horse Collar
23:15 Scale Mail Armor
23:26 Forging
25:08 Chain Mail Armor
24:44 Fletching
26:53 Man-at-Arms
28:29 Scale Barding Armor
29:22 Detinets
29:32 Gold Mining
29:35 Long Swordsman
38:57 Imperial Age
36:43 Hand Cart
38:25 Chain Barding Armor
38:41 Iron Casting
40:15 Plate Mail Armor
41:48 Conscription
42:29 Druzhina
44:13 Two-Man Saw
44:15 Blast Furnace
43:54 Plate Barding Armor
44:30 Halberdier
46:39 Two-Handed Swordsman
49:09 Blast Furnace
47:44 Champion
50:07 Gold Shaft Mining
Lizard Bro
11:02 Feudal Age
14:49 Castle Age
13:54 Double-Bit Axe
13:52 Horse Collar
16:02 Bow Saw
22:21 Fletching
23:40 Loom
23:41 Town Watch
34:33 Wheelbarrow
33:57 Gold Mining
33:58 Stone Mining
39:48 Imperial Age
37:39 Hand Cart
37:46 Bodkin Arrow
37:52 Padded Archer Armor
39:35 Ballistics
39:29 Fortified Wall
39:39 Leather Archer Armor
39:33 Caravan
41:29 Conscription
40:31 Elite Genoese Crossbowman
42:36 Chemistry
43:19 Bracer
43:50 Ring Archer Armor
46:32 Silk Road
46:48 Hoardings
47:07 Town Patrol
47:29 Guilds
47:58 Bombard Tower
47:34 Murder Holes
49:17 Scale Mail Armor
Queondacompa
9:04 Double-Bit Axe
11:58 Feudal Age
11:12 Wheelbarrow
13:37 Bow Saw
13:09 Horse Collar
13:47 Loom
14:11 Heavy Plow
16:17 Stone Mining
16:19 Gold Mining
21:13 Castle Age
20:20 Stone Shaft Mining
20:28 Gold Shaft Mining
22:15 Fletching
22:35 Forging
22:32 Scale Barding Armor
23:11 Crop Rotation
23:44 Two-Man Saw
25:41 Iron Casting
25:27 Chain Barding Armor
25:39 Hand Cart
28:40 Town Watch
32:42 Imperial Age
31:21 Burgundian Vineyards
33:22 Husbandry
33:53 Conscription
34:13 Elite Coustillier
36:47 Plate Barding Armor
37:18 Blast Furnace
37:05 Light Cavalry
37:05 Cavalier
38:28 Hussar
41:34 Paladin
Blawckdown
10:49 Feudal Age
16:00 Castle Age
15:45 Double-Bit Axe
15:42 Horse Collar
22:24 Pikeman
26:52 Wheelbarrow
26:26 Town Watch
27:42 Hand Cart
27:42 Heavy Plow
29:17 Gold Mining
34:35 Imperial Age
32:57 Gold Shaft Mining
33:19 Forging
33:15 Scale Barding Armor
33:37 Husbandry
33:47 Bloodlines
34:56 Iron Casting
34:20 Cavalier
37:08 Town Patrol
36:40 Savar
37:51 Bow Saw
39:00 Caravan
42:09 Chain Barding Armor
42:50 Blast Furnace
45:36 Plate Barding Armor
nicolitos
11:19 Feudal Age
9:35 Loom
15:46 Castle Age
19:05 Padded Archer Armor
18:55 Fletching
20:25 Horse Collar
23:06 Bodkin Arrow
24:45 Double-Bit Axe
25:01 Heavy Plow
26:07 Ballistics
28:20 Town Watch
32:24 Wheelbarrow
32:08 Bow Saw
38:32 Imperial Age
37:32 Hand Cart
37:33 Town Patrol
37:46 Forging
37:36 Scale Mail Armor
37:39 Malon
38:06 Heavy Plow
39:32 Chain Mail Armor
39:52 Iron Casting
39:33 Leather Archer Armor
39:19 Murder Holes
39:34 Masonry
39:05 Treadmill Crane
40:26 Crop Rotation
41:36 Elite Skirmisher
42:52 Conscription
43:34 Butalmapu
45:27 Elite Kona
47:18 Blast Furnace
49:28 Chemistry
AndiBoy
4:23 Loom
4:30 Loom
11:09 Feudal Age
15:11 Castle Age
14:36 Double-Bit Axe
15:52 Husbandry
25:03 Scale Barding Armor
28:29 Bow Saw
31:32 Imperial Age
30:42 Forging
33:28 Wheelbarrow
33:14 Gold Mining
33:12 Cavalier
34:56 Caravan
37:44 Paladin
39:04 Gold Shaft Mining
41:36 Chain Barding Armor
44:07 Iron Casting
45:31 Chivalry
50:45 Plate Barding Armor
Black_Mamba_24
2:08 Loom
11:47 Feudal Age
13:25 Double-Bit Axe
13:42 Horse Collar
16:17 Castle Age
18:57 Wheelbarrow
18:10 Town Watch
20:43 Fervor
23:21 Bow Saw
25:07 Heavy Plow
30:25 Imperial Age
28:21 Ballistics
28:42 Murder Holes
32:19 Chemistry
32:44 Two-Man Saw
33:35 Conscription
33:42 Treadmill Crane
36:28 Hand Cart
37:01 Hussite Reforms
37:13 Masonry
36:57 Fletching
36:55 Pikeman
37:38 Squires
37:47 Padded Archer Armor
37:47 Bodkin Arrow
38:24 Sanctity
38:18 Redemption
38:20 Wagenburg Tactics
39:06 Town Patrol
39:39 Leather Archer Armor
39:26 Bracer
38:57 Crossbowman
40:21 Architecture
39:45 Arbalester
41:25 Ring Archer Armor
40:27 Houfnice
41:31 Elite Skirmisher
45:11 Siege Engineers
45:41 Fortified Wall
45:31 Pikeman
50:46 Forging
50:37 Scale Mail Armor
52:08 Iron Casting
51:52 Chain Mail Armor
Mandalorian
11:07 Feudal Age
12:59 Double-Bit Axe
13:39 Double-Bit Axe
16:02 Castle Age
15:54 Horse Collar
19:47 Bloodlines
19:38 Husbandry
20:39 Wheelbarrow
21:33 Loom
22:48 Town Watch
28:49 Heavy Plow
29:55 Thumb Ring
34:20 Imperial Age
32:26 Gold Mining
33:18 Scale Barding Armor
33:04 Fletching
34:55 Town Patrol
35:59 Ballistics
35:50 Bodkin Arrow
36:54 Parthian Tactics
37:34 Conscription
37:20 Corvinian Army
37:55 Padded Archer Armor
39:40 Hand Cart
39:37 Bow Saw
41:00 Chemistry
39:40 Heavy Cavalry Archer
41:05 Chain Barding Armor
42:10 Bracer
42:26 Leather Archer Armor
42:47 Plate Barding Armor
42:18 Recurve Bow
43:44 Crop Rotation
42:50 Elite Magyar Huszar
44:34 Ring Archer Armor
44:58 Hoardings
47:28 Masonry
Connection lost

Rejoining the realm…

Still unreachable

The connection could not be restored.

Session expired

The server has moved on; the page needs a fresh start.